Map: Romanticide LE

Players

JAZCOK

  • Race: Terran Terran
  • Spawn Location: 11:00

ViBE - Winner!

  • Race: Protoss Protoss
  • League: Bronze
  • Spawn Location: 5:00

VOD

Have the link to the VOD?

Description

Time

  • Played on: March 9, 2021, 11:17 p.m.
  • Length: 21:02
Show
View Real Time Build Order
Export as new Build Order

JAZCOK Terran 

Build Orders:  

Get SALT Encoding   

  12  0:29  Supply Depot  
  12  0:37  SCV  
  13  0:49  SCV  
  14  0:50  Engineering Bay  
  14  1:01  SCV  
  15  1:04  Barracks  
  15  1:11  Refinery  
  15  1:13  SCV  
  15  1:18  Supply Depot  
  16  1:25  SCV  
  17  1:41  Missile Turret  
  17  1:54  Marine  
  18  2:03  Bunker  
  18  2:12  Marine  
  19  2:17  Barracks  
  19  2:30  Marine  
  20  2:40  Bunker  
  20  2:48  Marine  
  21  3:05  Marine  
  21  3:09  Supply Depot  
  22  3:44  Bunker  
  22  3:51  Barracks Reactor  
  22  4:09  Supply Depot  
  22  4:11  Barracks Reactor  
  22  4:29  Marine x2  
  24  4:46  Missile Turret  
  24  4:47  Marine x2  
  24  4:50  Marine x2  
  28  5:05  Marine x2  
  30  5:08  Marine x2  
  32  5:20  Factory  
  32  5:22  Marine x2  
  32  5:25  Marine  
  32  5:26  Marine  
  36  5:40  Refinery  
  36  5:43  Marine x2  
  38  5:57  SCV  
  39  6:05  Supply Depot  
  39  6:09  SCV  
  40  6:12  Factory Tech Lab  
  40  6:21  SCV  
  41  6:33  SCV  
  42  6:40  Missile Turret  
  42  6:43  Siege Tank  
  42  6:45  SCV  
  46  7:15  Command Center  
  46  7:24  Siege Tank  
  49  7:39  Terran Infantry Weapons Level 1  
  49  7:57  Siege Tank  
  52  8:51  Refinery  
  52  8:52  SCV  
  53  9:04  SCV  
  54  9:15  Missile Turret  
  54  9:16  SCV  
  55  9:28  SCV  
  56  9:33  Siege Tank, Terran Infantry Armor Level 1  
  59  9:40  SCV  
  60  9:52  SCV  
  61  10:04  SCV  
  61  10:05  Siege Tank  
  61  10:06  Starport  
  65  10:16  SCV  
  66  10:28  SCV  
  67  10:37  Siege Tank  
  68  11:09  Siege Tank  
  54  12:35  Command Center  
  54  12:42  Missile Turret  
  54  12:46  Bunker  
  54  12:49  Neosteel Armor  
  54  13:02  Missile Turret  
  54  13:19  Missile Turret  
  54  13:20  Marine  
  55  13:35  Supply Depot  
  55  13:38  Orbital Command  
  55  13:43  Marine  
  55  13:48  Marine x3  
  55  13:52  Siege Tank  
  55  13:57  Supply Depot  
  55  14:01  Marine  
  50  14:06  Marine x3  
  46  14:19  Marine  
  46  14:24  Marine x3  
  47  14:25  Siege Tank  
  47  14:30  Hi-Sec Auto Tracking  
  53  14:37  Marine  
  54  14:41  Marine x2  
  56  14:48  Bunker  
  56  14:57  Siege Tank  
  59  15:18  Sensor Tower  
  59  15:29  Siege Tank  
  43  16:01  Siege Tank  
  46  16:10  Command Center  
  46  16:33  Siege Tank  
  49  17:05  Siege Tank  
  49  18:25  Command Center  
  29  18:48  Orbital Command  
  20  20:22  Marine x2  
  20  20:24  Marine x2  
  24  20:31  Starport Tech Lab  
  24  20:40  Marine x2  
Show
View Real Time Build Order
Export as new Build Order

ViBE Protoss - Winner!

Build Orders: 1 Gate Expand 

Get SALT Encoding   

  12  0:00  Probe  
  13  0:13  Probe  
  14  0:22  Pylon  
  14  0:25  Probe  
  15  0:40  Probe  
  16  0:45  Gateway  
  16  0:54  Probe  
  17  0:57  Assimilator  
  17  1:08  Probe  
  18  1:21  Probe  
  19  1:27  Nexus  
  19  1:33  Probe  
  19  1:38  Cybernetics Core  
  20  1:46  Probe  
  21  1:50  Assimilator  
  21  1:58  Probe  
  21  2:00  Pylon  
  22  2:10  Probe  
  23  2:20  Stalker  
  23  2:22  Probe (Chrono Boost)  
  26  2:24  Warp Gate  
  26  2:34  Probe (Chrono Boost)  
  27  2:40  Pylon  
  27  2:41  Probe (Chrono Boost)  
  28  2:44  Probe  
  29  2:51  Probe  
  29  2:56  Stalker, Probe  
  33  3:05  Robotics Facility  
  33  3:11  Gateway  
  33  3:13  Probe x2  
  35  3:25  Probe (Chrono Boost)  
  35  3:27  Probe (Chrono Boost)  
  37  3:36  Probe x2 (Chrono Boost)  
  37  3:37  Stalker  
  41  3:42  Probe x2 (Chrono Boost)  
  43  4:00  Nexus  
  43  4:01  Pylon  
  43  4:06  Observer  
  43  4:07  Pylon  
  43  4:08  Probe  
  43  4:09  Probe  
  46  4:16  Stalker  
  48  4:18  Stalker  
  48  4:23  Probe  
  48  4:24  Probe  
  52  4:29  Immortal  
  56  4:35  Probe  
  56  4:36  Probe  
  56  4:38  Assimilator  
  58  4:40  Assimilator  
  58  4:44  Pylon  
  58  4:50  Probe x2  
  60  4:54  Stalker  
  60  4:56  Stalker  
  64  5:03  Probe  
  64  5:04  Probe  
  66  5:09  Immortal  
  70  5:17  Probe x2  
  70  5:18  Probe  
  70  5:20  Stalker  
  75  5:22  Stalker  
  77  5:29  Probe (Chrono Boost)  
  77  5:31  Probe (Chrono Boost)  
  77  5:32  Probe (Chrono Boost)  
  77  5:34  Pylon  
  80  5:39  Pylon  
  80  5:45  Probe (Chrono Boost)  
  80  5:46  Probe x2 (Chrono Boost)  
  80  5:47  Stalker  
  80  5:48  Stalker, Immortal  
  91  5:53  Probe x3  
  94  6:03  Pylon  
  94  6:08  Pylon  
  94  6:10  Probe x2  
  94  6:11  Probe  
  97  6:13  Pylon  
  97  6:24  Nexus  
  97  6:25  Pylon  
  97  6:26  Probe  
  97  6:27  Probe  
  97  6:28  Probe, Pylon  
  97  6:30  Stalker  
  97  6:31  Stalker  
  104  6:33  Immortal  
  104  6:39  Assimilator  
  108  6:41  Assimilator  
  108  6:46  Probe (Chrono Boost)  
  111  6:47  Probe (Chrono Boost)  
  111  6:49  Probe (Chrono Boost)  
  111  6:58  Probe (Chrono Boost)  
  111  6:59  Probe (Chrono Boost)  
  111  7:00  Probe (Chrono Boost)  
  114  7:03  Gateway  
  114  7:06  Gateway  
  114  7:09  Gateway  
  114  7:11  Gateway  
  114  7:14  Gateway  
  114  7:16  Gateway  
  114  7:18  Probe  
  114  7:19  Gateway, Probe  
  114  7:20  Probe  
  114  7:22  Stalker, Gateway  
  119  7:23  Stalker  
  119  7:26  Immortal  
  125  7:58  Probe  
  125  7:59  Probe x2  
  128  8:08  Twilight Council  
  128  8:09  Forge  
  128  8:10  Probe  
  128  8:11  Probe  
  130  8:16  Stalker  
  130  8:17  Stalker  
  130  8:18  Stalker  
  130  8:19  Stalker  
  138  8:20  Stalker  
  138  8:21  Stalker  
  138  8:22  Stalker  
  138  8:23  Stalker  
  138  8:25  Stalker  
  138  8:26  Stalker  
  150  8:27  Immortal  
  150  8:33  Pylon  
  154  8:38  Pylon  
  154  8:47  Assimilator  
  154  8:48  Nexus  
  154  8:49  Pylon  
  154  8:51  Assimilator  
  154  8:52  Stalker, Pylon  
  154  8:54  Stalker  
  154  8:55  Stalker  
  160  8:56  Stalker  
  160  8:58  Stalker  
  160  8:59  Stalker  
  160  9:01  Stalker  
  168  9:03  Stalker  
  168  9:05  Stalker  
  168  9:06  Stalker  
  174  9:40  Probe  
  174  9:41  Probe x2  
  174  9:42  Probe  
  178  9:54  Probe x2  
  180  10:02  Immortal  
  184  10:08  Stalker  
  184  10:10  Stalker  
  184  10:12  Stalker  
  190  10:15  Stalker  
  190  10:16  Stalker  
  190  10:18  Stalker  
  190  10:20  Stalker  
  198  10:22  Stalker  
  198  10:23  Protoss Ground Weapons Level 1 (Chrono Boost)  
  196  10:50  Robotics Facility  
  196  10:52  Gateway  
  196  10:54  Gateway  
  196  10:57  Gateway  
  196  10:59  Gateway  
  196  11:01  Gateway  
  196  11:03  Gateway  
  194  11:12  Gateway  
  194  11:15  Gateway  
  194  11:17  Gateway  
  162  11:20  Gateway  
  133  11:28  Gateway  
  133  11:30  Gateway  
  99  11:37  Stalker  
  99  11:38  Stalker  
  99  11:39  Stalker  
  95  11:40  Stalker  
  95  11:41  Stalker  
  95  11:42  Stalker  
  95  11:43  Stalker  
  95  11:44  Stalker  
  95  11:45  Stalker  
  95  11:46  Stalker  
  109  11:47  Stalker  
  109  11:50  Immortal  
  109  11:51  Immortal  
  109  11:53  Stalker  
  121  11:54  Stalker  
  121  11:56  Stalker  
  121  11:57  Stalker  
  121  11:59  Stalker  
  129  12:16  Stalker, Nexus  
  129  12:17  Stalker, Pylon  
  129  12:18  Stalker  
  129  12:19  Stalker  
  129  12:20  Stalker, Pylon  
  129  12:22  Stalker  
  141  12:23  Stalker  
  141  12:24  Stalker  
  141  12:25  Stalker  
  141  12:26  Stalker  
  141  12:27  Stalker  
  141  12:29  Stalker  
  153  12:30  Stalker  
  153  12:31  Stalker  
  153  12:32  Stalker  
  153  12:33  Stalker  
  153  12:34  Stalker  
  153  12:36  Immortal  
  167  12:37  Immortal  
  167  12:38  Stalker  
  167  12:39  Stalker  
  167  12:40  Stalker  
  167  12:42  Stalker  
  167  12:43  Stalker  
  181  12:44  Stalker  
  181  12:45  Stalker  
  181  12:47  Stalker  
  181  12:49  Stalker  
  181  12:50  Stalker  
  191  12:51  Stalker  
  191  12:52  Stalker  
  191  12:54  Stalker x2  
  199  12:59  Probe  
  200  13:38  Unknown  
  164  13:49  Nexus  
  164  13:51  Pylon  
  164  13:53  Stalker  
  164  13:55  Stalker  
  136  13:56  Stalker  
  136  13:57  Stalker  
  136  13:58  Stalker  
  136  13:59  Stalker  
  136  14:00  Stalker  
  136  14:01  Stalker  
  126  14:02  Stalker  
  126  14:04  Stalker x2  
  126  14:06  Stalker x2  
  126  14:07  Stalker  
  126  14:09  Stalker  
  126  14:11  Stalker  
  126  14:12  Stalker  
  126  14:13  Stalker  
  126  14:14  Stalker  
  126  14:15  Stalker  
  126  14:16  Stalker  
  136  14:18  Stalker  
  136  14:19  Stalker  
  136  14:20  Stalker  
  136  14:21  Stalker  
  136  14:22  Stalker  
  136  14:24  Stalker  
  148  14:25  Stalker  
  148  14:26  Stalker  
  148  14:27  Stalker x2  
  148  14:29  Stalker  
  148  14:30  Stalker  
  160  14:31  Stalker  
  160  14:32  Stalker  
  160  14:34  Stalker  
  160  14:36  Stalker  
  168  14:40  Stalker  
  168  14:41  Stalker  
  168  14:42  Stalker  
  168  14:43  Stalker  
  168  14:44  Stalker  
  178  14:45  Stalker  
  178  14:47  Stalker  
  178  14:48  Immortal x2  
  178  14:51  Stalker  
  178  14:52  Stalker x2  
  194  14:53  Stalker  
  194  14:55  Stalker  
  196  15:34  Stalker  
  196  15:35  Stalker  
  186  15:36  Stalker  
  186  15:37  Immortal  
  186  15:38  Immortal  
  186  15:39  Stalker  
  186  15:40  Stalker  
  186  15:41  Stalker  
  186  15:42  Stalker  
  166  15:43  Stalker  
  166  15:44  Stalker  
  166  15:45  Stalker x2  
  166  15:46  Stalker  
  166  15:47  Stalker  
  166  15:48  Stalker  
  142  15:50  Stalker x2  
  142  15:51  Stalker  
  142  15:52  Stalker  
  142  15:53  Stalker  
  142  15:54  Stalker  
  142  15:55  Stalker  
  142  15:56  Stalker  
  146  15:58  Stalker x2  
  146  16:00  Stalker  
  146  16:03  Stalker  
  154  16:13  Stalker  
  154  16:14  Stalker  
  154  16:15  Stalker x2  
  154  16:16  Stalker  
  154  16:17  Stalker  
  154  16:18  Stalker  
  168  16:19  Stalker  
  168  16:20  Stalker  
  168  16:23  Immortal x2  
  168  16:24  Stalker  
  168  16:25  Stalker x2  
  186  16:26  Stalker  
  186  16:27  Stalker  
  186  16:28  Stalker  
  186  16:29  Stalker  
  186  16:30  Stalker  
  186  16:31  Stalker  
  198  16:35  Stalker  
  200  17:49  Protoss Ground Weapons Level 2 (Chrono Boost)  
  200  17:58  Nexus  
  200  18:00  Pylon  
  200  18:02  Pylon  
  198  18:19  Stalker  
  184  18:20  Stalker  
  184  18:21  Stalker  
  184  18:22  Stalker x2  
  184  18:24  Stalker  
  184  18:25  Stalker  
  184  18:26  Immortal  
  176  18:27  Immortal  
  176  18:28  Stalker  
  176  18:29  Stalker x2  
  176  18:30  Stalker  
  176  18:31  Stalker  
  176  18:32  Stalker  
  176  18:34  Stalker  
  154  18:35  Stalker x2  
  154  18:37  Stalker x2  
  154  18:38  Stalker  
  154  18:40  Stalker x2  
  148  18:42  Stalker  
  148  18:44  Stalker  
  148  18:45  Stalker  
  148  18:46  Stalker  
  148  18:47  Stalker  
  148  18:48  Stalker  
  148  18:49  Stalker  
  148  18:50  Stalker  
  148  18:51  Stalker  
  148  18:52  Stalker  
  148  18:54  Stalker  
  148  18:55  Stalker  
  160  18:56  Stalker  
  160  18:57  Stalker  
  160  18:58  Stalker  
  160  18:59  Stalker  
  160  19:00  Stalker  
  160  19:02  Stalker  
  172  19:03  Stalker  
  172  19:04  Stalker  
  172  19:05  Stalker  
  172  19:06  Stalker  
  172  19:07  Stalker  
  172  19:09  Immortal  
  186  19:10  Immortal  
  186  19:12  Stalker  
  186  19:14  Stalker  
  186  19:15  Stalker  
  186  19:16  Stalker  
  198  19:18  Stalker  
  200  19:29  Assimilator  
  200  19:30  Assimilator  
  200  19:46  Nexus  
  200  19:47  Pylon  
  200  19:50  Pylon  
  200  20:25  Assimilator  
  200  20:27  Assimilator  
Tags
 
League
Bronze
Matchup
PvT
Player
ViBE
Spawn Locations
Cross Positions
Add a new tag
Caveats
  • Supply blocks, unpowered buildings, or Contaminate may cause inaccurate times.
  • Supply counts are checked every 10 seconds.